 Dungeon Crawl Stone Soup version 0.25.1-8-g42b30a86e7 (webtiles) character file.

Game seed: 11905458972334898009

61 Clowwww the Skirmisher (level 4, 0/41 HPs)
             Began as a Hill Orc Abyssal Knight on Dec 9, 2020.
             Was a Follower of Lugonu.
             Succumbed to an adder's poison
             ... on level 2 of the Dungeon.
             The game lasted 00:03:04 (1018 turns).

Clowwww the Skirmisher (Hill Orc Abyssal Knight)    Turns: 1018, Time: 00:03:04

Health: 0/41       AC:  4    Str: 15    XL:     4   Next: 7%
Magic:  5/5        EV: 11    Int: 12    God:    Lugonu [*.....]
Gold:   46         SH:  0    Dex: 10    Spells: 3/3 levels left

rFire    . . .     SeeInvis .   a - +1 hand axe
rCold    . . .     Gourm    .   (no shield)
rNeg     . . .     Faith    .   b - +0 leather armour
rPois    .         Spirit   .   (no helmet)
rElec    .         Reflect  .   l - +0 cloak
rCorr    .         Harm     .   (no gloves)
MR       .....                  (no boots)
Stlth    +.........             (no amulet)
HPRegen  0.13/turn              (no ring)
MPRegen  0.09/turn              (no ring)

@: mighty, lethally poisoned (0 -> -2)
A: no striking features
a: Depart the Abyss, Renounce Religion


You were on level 2 of the Dungeon.
You worshipped Lugonu.
Lugonu was aware of your devotion.
You were not hungry.

You visited 1 branch of the dungeon, and saw 2 of its levels.
You visited the Abyss 1 time.

You collected 46 gold pieces.

Inventory:

Hand Weapons
 a - a +1 hand axe (weapon)
Armour
 b - a +0 leather armour (worn)
 l - a +0 cloak (worn)
Jewellery
 h - an uncursed ring of positive energy {unknown}
 k - an uncursed ring of protection from fire {unknown}
Scrolls
 g - a scroll of remove curse {unknown}
 i - a scroll of magic mapping {unknown}
 j - a scroll of teleportation {unknown}
Potions
 e - a potion of berserk rage {unknown}
Comestibles
 c - 4 rations
 f - a chunk of flesh


   Skills:
 + Level 4.6 Fighting
 + Level 3.5 Axes
 + Level 2.5 Armour
 + Level 1.7 Dodging
 + Level 2.4 Invocations


You had 3 spell levels left.
You didn't know any spells.
Your spell library was empty.

Dungeon Overview and Level Annotations

Branches:
Dungeon (2/15)

Altars:


Message History

The jackal bites you.
* * * LOW HITPOINT WARNING * * *
The jackal bites you.
* * * LOW HITPOINT WARNING * * *
The jackal barely misses you.
You barely miss the jackal. You hit the jackal but do no damage.
* * * LOW HITPOINT WARNING * * *
You feel sick. The jackal barely misses you. x2
The jackal bites you but does no damage.
You barely miss the jackal. You closely miss the jackal.
The jackal closely misses you. The jackal barely misses you.
The jackal bites you but does no damage.
You closely miss the jackal. You hit the jackal but do no damage.
The jackal bites you but does no damage.
The jackal bites you.
* * * LOW HITPOINT WARNING * * *
The jackal bites you but does no damage. x2
It was a potion of might.
You feel very mighty all of a sudden.
You die...

#.......## #........#
#........####
#...........#
#.......###.#
.########### #.#
.......#### #.#
.........h## #.#
........Zh@# #.######
........Z#.###.รท....###.
.........#..............
.........####...........
.....................#..
.........###............
.................#.#####
.............##..#.#
.........###. ...#.#


You could see 2 jackals and 2 quokka skeletons.

Vanquished Creatures
  2 adders (D:2)
  2 dart slugs (D:1)
  2 leopard geckos (D:1)
  7 bats
  A bat skeleton (D:2)
  A giant cockroach (D:1)
  3 goblins (D:1)
  2 hobgoblins (D:1)
  5 jackals
  A quokka (D:2)
  A ball python zombie (D:2)
  3 frilled lizards (D:1)
  3 kobolds (D:1)
  2 rats (D:1)
35 creatures vanquished.

Notes
Turn   | Place    | Note
-------+----------+-------------------------------------------
     0 | Abyss:1  | Clowwww the Hill Orc Abyssal Knight began the quest for the
                  | Orb.
     0 | Abyss:1  | Reached XP level 1. HP: 19/19 MP: 2/2
    57 | Abyss:1  | Noticed a large abomination
    59 | D:1      | Escaped the Abyss
    98 | D:1      | Reached skill level 4 in Fighting
   293 | D:1      | Reached XP level 2. HP: 18/27 MP: 3/3
   389 | D:1      | Reached * piety under Lugonu
   634 | D:1      | Reached XP level 3. HP: 33/34 MP: 4/4
   704 | D:1      | Reached skill level 1 in Dodging
  1011 | D:2      | Reached XP level 4. HP: 10/41 MP: 5/5
  1017 | D:2      | HP: 1/41 [jackal (2)]
  1018 | D:2      | Succumbed to an adder's poison

Illustrated notes

Levels and vault maps discovered:
D:1:      lightli_arrival_flooded_house, layout_rooms
D:2:      layout_rooms, serial_undead, serial_undead_b, serial_undead_b,
          serial_undead_a, serial_undead_e, hangedman_decor_push

Skill      XL: |  1  2  3 |
---------------+----------+-----
Fighting       | 4 |  4.6
Axes           | 3 |  3.5
Dodging        | 1 |  1.7
Armour         | |  2.5
Invocations    | |  2.4

Action                   |  1- 3 |  4- 6 || total
-------------------------+-------+-------++-------
Melee: Hand axe          |    90 |     6 ||    96
Invok: Depart the Abyss  |     1 |       ||     1
  Use: Potion            |       |     1 ||     1
Armor: Leather armour    |    46 |     7 ||    53
Dodge: Dodged            |    95 |    10 ||   105
